 Dungeon Crawl Stone Soup version 0.24.0-123-gd5b16e6ec5 (webtiles) character file.

Game seed: 4761658064249644740, levelgen mode: deterministic

358519 Notrik the Slayer (level 21, -7/213 HPs)
             Began as a Minotaur Berserker on Feb 6, 2020.
             Was the Champion of Trog.
             Killed from afar by a deep elf annihilator (24 damage)
             ... with a poison arrow
             ... on level 3 of the Elven Halls.
             The game lasted 02:03:32 (35404 turns).

Notrik the Slayer (Minotaur Berserker)             Turns: 35404, Time: 02:03:33

Health: -7/213     AC: 42    Str: 52    XL:     21   Next: 44%
Magic:  23/23      EV:  9    Int: 11    God:    Trog [******]
Gold:   2091       SH: 29    Dex:  8    Spells: 20/20 levels left

rFire    + . .     SeeInvis .   w - +6 war axe "Hydraslayer" {freeze, +Inv rElec rN+ Int+3}
rCold    + + +     Gourm    .   m - +0 large shield
rNeg     + . .     Faith    .   J - +8 orange crystal plate armour {Archmagi, Int+3 Clar}
rPois    .         Spirit   .   o - +2 hat
rElec    +         Reflect  .   I - scarf {rC+ rF+}
rCorr    .         Harm     .   l - +2 pair of gloves of Pragmatism {Str+10}
MR       +....     Clarity  +   C - +0 pair of boots
Stlth    ..........             S - amulet of the acrobat
HPRegen  0.45/turn              b - ring of the Centipede {+Fly rC++ Str+4 Dex-3 Stlth+}
MPRegen  0.18/turn              D - ring "Vaxe" {Str+8 Slay+1}

@: lethally poisoned (-7 -> -37), about to teleport
A: retaliatory headbutt, horns 2
}: 2/15 runes: barnacled, gossamer
a: Berserk, Trog's Hand, Brothers in Arms, Renounce Religion, Evoke
Invisibility, Evoke Flight


You were on level 3 of the Elven Halls.
You worshipped Trog.
Trog was exalted by your worship.
You were not hungry.

You visited 7 branches of the dungeon, and saw 38 of its levels.
You also visited: Volcano.

You collected 3585 gold pieces.
You spent 1494 gold pieces at shops.

Inventory:

Hand Weapons
 w - the +6 war axe "Hydraslayer" (weapon) {freeze, +Inv rElec rN+ Int+3}
   (You took it off an entropy weaver on level 4 of the Depths)

   It has been specially enchanted to freeze those struck by it, causing extra
   injury to most foes and up to half again as much damage against particularly
   susceptible opponents.
   It can also slow down cold-blooded creatures.
   It affects your intelligence (+3).
   It insulates you from electricity.
   It protects you from negative energy.
   It lets you turn invisible.
 V - the +8 war axe of Silaf {flame, rPois Str+2 Dex+4}
   (Trog gifted it to you on level 3 of the Lair of Beasts)

   It has been specially enchanted to burn those struck by it, causing extra
   injury to most foes and up to half again as much damage against particularly
   susceptible opponents.
   Big, fiery blades are also staple armaments of hydra-hunters.
   It affects your strength (+2).
   It affects your dexterity (+4).
   It protects you from poison.
Missiles
 h - 6 throwing nets (quivered) {!f}
Armour
 g - the +15 Maxwell's patent armour {-Cast -Tele rElec MR+ rCorr}
   (You acquired it on level 4 of the Shoals)

   It insulates you from electricity.
   It affects your resistance to hostile enchantments.
   It prevents spellcasting.
   It prevents most forms of teleportation.
   It provides partial protection from all sources of acid and corrosion.
 l - the +2 pair of gloves of Pragmatism (worn) {Str+10}
   (You found it on level 4 of the Shoals)

   It affects your strength (+10).
 m - a +0 large shield (worn)
   (You found it on level 2 of the Dungeon)
 o - a +2 hat (worn)
   (You found it on level 3 of the Depths)
 C - a +0 pair of boots (worn)
   (You found it in a volcano)
 I - a scarf of resistance (worn)
   (You found it on level 5 of the Dungeon)
 J - the +8 orange crystal plate armour (worn) {Archmagi, Int+3 Clar}
   (You found it on level 5 of the Dungeon)

   It affects your intelligence (+3).
   It protects you against confusion.
 Y - a +0 shield of reflection
   (You took it off Donald on level 1 of the Spider Nest)
Jewellery
 b - the ring of the Centipede (left hand) {+Fly rC++ Str+4 Dex-3 Stlth+}
   (You found it on level 4 of the Spider Nest)

   [ring of stealth]

   It affects your strength (+4).
   It affects your dexterity (-3).
   It greatly protects you from cold.
   It lets you fly.
   It makes you more stealthy.
 f - a +2 ring of dexterity {unknown}
   (You found it on level 3 of the Elven Halls)
 D - the ring "Vaxe" (right hand) {Str+8 Slay+1}
   (You bought it in a shop on level 9 of the Dungeon)

   [ring of slaying]

   It affects your strength (+8).
   It affects your accuracy and damage with ranged weapons and melee attacks
   (+1).
 S - an amulet of the acrobat (around neck)
   (You found it on level 3 of the Lair of Beasts)
Wands
 c - a wand of disintegration (41)
   (You took it off Maurice on level 10 of the Dungeon)
 d - a wand of iceblast (7)
   (You found it on level 5 of the Dungeon)
 t - a wand of flame (13)
   (You found it on level 7 of the Dungeon)
 u - a wand of paralysis (33)
   (You found it on level 4 of the Dungeon)
 v - a wand of digging (16)
   (You took it off Ijyb on level 4 of the Dungeon)
 x - a wand of acid (10)
   (You found it on level 7 of the Dungeon)
 z - a wand of scattershot (4)
   (You found it on level 1 of the Elven Halls)
 O - a wand of enslavement (11)
   (You found it on level 3 of the Shoals)
Scrolls
 a - 7 scrolls of magic mapping
 i - 2 scrolls of identify {@r1}
 n - 7 scrolls of teleportation {@r4}
 p - 4 scrolls of vulnerability {!r}
 y - 2 scrolls of fear
 B - 6 scrolls of immolation {!r}
 G - 6 scrolls of enchant armour
 N - 13 scrolls of remove curse {@r2}
 R - 2 scrolls of silence
 T - a scroll of blinking
 Z - 2 scrolls of enchant weapon
Potions
 j - 3 potions of flight
 k - 9 potions of lignification {!q}
 s - a potion of berserk rage
 A - 8 potions of brilliance
 E - 3 potions of haste {@q3}
 F - 6 potions of agility
 H - 4 potions of magic
 K - 15 potions of curing {@q1}
 L - 8 potions of might
 M - 2 potions of cancellation
 P - 5 potions of heal wounds {@q2}
 Q - 4 potions of ambrosia
 U - 3 potions of invisibility
 W - 5 potions of resistance
Comestibles
 e - 66 rations {!d}
 q - 16 chunks of flesh


   Skills:
 + Level 23.7 Fighting
 + Level 21.6 Axes
 + Level 20.0 Armour
 + Level 2.5 Dodging
 + Level 21.7 Shields
 - Level 5.0 Evocations


You had 20 spell levels left.
You didn't know any spells.
Your spell library was empty.

Dungeon Overview and Level Annotations

Branches:
Dungeon (15/15)            Temple (0/1) D:7            Lair (6/6) D:10
 Shoals (4/4) Lair:3       Spider (4/4) Lair:4        Slime (0/5) Lair:6
    Orc (2/2) D:11            Elf (3/3) Orc:2        Vaults (0/5) D:14
 Depths (4/5) D:15        Volcano (visited)

Altars:
Ashenzari
Cheibriados
Fedhas
Gozag
Kikubaaqudgha
Makhleb
Okawaru
Qazlal
Sif Muna
Xom
Yredelemnul
Beogh
Jiyva

Shops:
D:2 *   D:4 [*?   D:9 (%!=:   D:11 !}[   D:14 %   D:15 (   Orc:2 [%[=   Elf:1 [
Elf:2 *   Elf:3 (   Shoals:2 **   Shoals:3 *

Portals:
Hell: Depths:1 Depths:2 Depths:3
Pandemonium: Depths:3

Annotations:
D:10 1 runed translucent door
D:11 3 runed translucent doors


Innate Abilities, Weirdness & Mutations

You reflexively headbutt those who attack you in melee.
You have a pair of horns on your head.


Message History

You block the deep elf blademaster's attack. x2
A deep elf annihilator comes into view. It is wielding a +0 long sword.
You slash the deep elf annihilator! You freeze the deep elf annihilator.
You headbutt the deep elf annihilator.
You barely miss the deep elf blademaster.
You feel sick.
The deep elf annihilator casts a spell.
The deep elf annihilator blinks!
The deep elf blademaster hits you with a +0 rapier.
* * * LOW HITPOINT WARNING * * *
You block the deep elf blademaster's attack.
The deep elf high priest calls down the wrath of its god upon you.
Something smites you!
* * * LOW HITPOINT WARNING * * *
The deep elf high priest utters an invocation to its god.
The deep elf high priest begins emitting a brilliant aura!
The deep elf annihilator is empowered by the deep elf high priest's aura!
You hear a shout!
You feel sick.
The deep elf annihilator gestures wildly while chanting.
The deep elf annihilator blinks!
The deep elf annihilator is empowered by the deep elf high priest's aura!
You feel sick.
You block the deep elf blademaster's attack. x2
You feel sick.
The deep elf annihilator seems less brilliant.
The deep elf annihilator is empowered by something's aura!
The deep elf annihilator gestures wildly while chanting.
The deep elf annihilator blinks!
You feel sick.
The deep elf annihilator gestures at you while chanting.
The iron shot hits you!!!
* * * LOW HITPOINT WARNING * * *
The deep elf blademaster hits you but does no damage.
You block the deep elf blademaster's attack.
As you read the scroll of teleportation {@r4}, it crumbles to dust.
You feel strangely unstable.
You feel sick.
You block the deep elf blademaster's attack.
The deep elf blademaster hits you with a +0 rapier.
* * * LOW HITPOINT WARNING * * *
The deep elf high priest mumbles some strange prayers to its god against you.
Something smites you!
* * * LOW HITPOINT WARNING * * *
You feel much better.
You feel sick.
You block the deep elf blademaster's attack.
The deep elf blademaster barely misses you.
The deep elf annihilator casts a spell at you.
The poison arrow hits you!!
You are lethally poisoned!
You die...

## #...# #≈≈....# ##.#
#...# #≈≈....#
##...###...# #≈≈....#
..#$....##..?+ #≈≈....#
.eee.⌠.e).e..# #≈≈....#
..#.....##...#..#≈≈....#
##...###...#..#≈≈....#
##.# #ee.#..#≈≈....# ##
#@e.#..#≈≈....#
#...#^.#≈≈....#
#...#..#≈≈....#
#'###..#≈≈....#
#...'..#≈≈....#
#...#..#≈≈....#
#...#..#≈≈....#
#...#..#≈≈....#
#...#..#≈≈....#


You could see a deep elf blademaster, a deep elf master archer, a deep elf
annihilator and a deep elf high priest.

Vanquished Creatures
  Mara (Depths:3)
  A caustic shrike (Depths:2)
  Nikola (Depths:1)
  A golden dragon (Depths:3)
  2 tentacled monstrosities (Depths:3)
  Rupert (D:15)
  2 liches (Depths:3)
  A titan (Depths:3)
  2 deep elf blademasters
  6 sphinxes
  An acid blob (Lair:6)
  3 storm dragons
  Donald (Spider:1)
  2 tengu reavers
  4 fire giants
  3 frost giants
  A deep elf sorcerer (Depths:4)
  2 orc warlords
  An emperor scorpion (Spider:4)
  6 ghost moths
  A deep elf elementalist (Elf:3)
  Aizul (Depths:1)
  A spriggan defender (Depths:3)
  11 stone giants
  8 very ugly things
  Nessos (D:15)
  6 entropy weavers
  4 vampire knights
  2 deep elf demonologists
  The ghost of Amplified the Summoner, a journeyman VSWn of Hepliaklqana (Spider:2)
  2 deep elf annihilators
  Azrael (D:15)
  A dire elephant (D:15)
  4 deep elf death magi
  7 spark wasps
  5 merfolk javelineers (Shoals:4)
  7 ettins
  5 fire dragons
  11 merfolk impalers
  2 jiangshi (Depths:1)
  13 great orbs of eyes
  5 ice dragons
  6 rakshasas
  8 vault guards (D:14)
  A spriggan air mage (Depths:4)
  2 alligator snapping turtles
  A hell beast (Depths:3)
  Fannar (Lair:1)
  3 merfolk avatars
  Erolcha (D:9)
  13 hydras
  A death knight (D:13)
  5 centaur warriors
  10 two-headed ogres
  6 vampire magi
  4 tengu warriors
  2 ogre magi
  3 death yaks (D:10)
  4 merfolk aquamancers
  24 dancing weapons
  6 deep troll earth magi
  6 deep troll shamans
  7 orc high priests (Orc:2)
  A hell knight (Elf:1)
  3 spriggan berserkers
  13 deep elf knights
  3 iron trolls
  A skeletal warrior (D:13)
  2 flayed ghosts
  3 large abominations (Elf:1)
  A torturous demonspawn (Depths:3)
  2 glowing orange brains (Depths:4)
  13 deep trolls
  An unseen horror (D:11)
  4 sea snakes
  8 deep elf archers
  A glowing orange brain (shapeshifter) (Depths:4)
  2 kraken simulacra (Shoals:4)
  4 wizards
  2 lindwurms (Volcano)
  4 necromancers
  8 orc knights
  4 orc sorcerers
  3 phantasmal warriors
  20 harpies
  16 orb spiders
  35 deep elf magi
  A salamander (shapeshifter) (D:15)
  31 ugly things
  17 manticores
  5 fauns
  27 wolf spiders
  10 cyclopes
  2 centaur zombies
  A toenail golem (Volcano)
  Maurice (D:10)
  A rust devil (Depths:3)
  4 moths of wrath
  8 merfolk sirens
  A salamander (D:15)
  2 elephants (Lair:4)
  2 black mambas (Lair:6)
  An orange demon (Depths:3)
  4 water nymphs
  A torpor snail (Spider:2)
  6 molten gargoyles
  A gargoyle (D:10)
  2 komodo dragons
  24 spiny frogs
  12 demonic crawlers
  5 efreet
  16 yaktaurs
  A kobold demonologist (D:14)
  A rime drake (shapeshifter) (Depths:4)
  2 freezing wraiths
  2 ice devils
  5 tengu conjurers
  22 jumping spiders
  9 trolls
  9 hornets
  A harpy skeleton (D:14)
  A red devil (Depths:3)
  22 merfolk
  3 tyrant leeches (Lair:6)
  A blink frog (shapeshifter) (D:13)
  6 wind drakes
  4 harpy zombies (Shoals:4)
  3 polar bears
  7 dream sheep
  Grinder (D:4)
  37 slime creatures
  13 blink frogs (Lair:6)
  13 hippogriffs
  A meliai zombie (D:15)
  9 snapping turtles
  A shadow (D:13)
  A redback (shapeshifter) (Depths:1)
  83 redbacks
  A spriggan (D:7)
  A yak (shapeshifter) (Depths:4)
  4 air elementals
  32 tarantellas
  4 wraiths
  20 yaks
  A wyvern (D:9)
  2 basilisks
  21 water elementals
  A hungry ghost (D:15)
  7 fire elementals
  14 vampire mosquitoes
  6 wargs
  Edmund (D:4)
  An acid dragon (D:15)
  13 water moccasins
  A floating eye (Depths:3)
  9 hell hounds
  A floating eye (shapeshifter) (Depths:2)
  6 porcupines
  33 orc warriors
  A sky beast (shapeshifter) (Depths:2)
  2 black bears
  A tengu (shapeshifter) (Depths:4)
  A necrophage (D:12)
  3 eyes of draining
  4 ice beasts
  8 sky beasts
  18 ogres
  3 phantoms
  4 wolves (Lair:2)
  2 boggarts
  7 crocodiles
  21 centaurs
  6 big kobolds
  29 bullfrogs
  3 elf zombies (Elf:1)
  A hippogriff zombie (Shoals:4)
  4 earth elementals
  A water moccasin zombie (D:11)
  A wyvern skeleton (D:6)
  5 scorpions
  22 wights
  A howler monkey (D:4)
  A vampire bat (D:4)
  8 electric eels
  5 lava snakes (Lair:5)
  5 crimson imps
  A bullfrog zombie (D:13)
  7 hounds
  2 quasits (D:9)
  4 jellies
  18 orc priests
  Crazy Yiuf (D:2)
  12 orc wizards
  6 bullfrog skeletons
  Ijyb (D:4)
  An iguana (D:7)
  6 centaur skeletons
  2 hell rats (D:10)
  9 worker ants
  A killer bee zombie (D:6)
  A hound skeleton (D:4)
  A worker ant zombie (D:11)
  23 gnolls
  A river rat (D:10)
  15 adders
  5 shadow imps
  An ooze (D:6)
  An adder zombie (D:7)
  2 adder skeletons (D:7)
  5 worms
  3 dart slugs
  8 leopard geckos
  91 orcs
  4 bat skeletons (D:4)
  3 bat zombies (D:4)
  3 giant cockroaches
  10 goblins
  10 hobgoblins
  6 jackals
  7 quokkas
  3 ball pythons
  8 bats
  6 frilled lizards
  A giant cockroach zombie (D:6)
  A goblin zombie (D:10)
  24 kobolds
  A leopard gecko skeleton (D:5)
  2 leopard gecko zombies
  2 quokka zombies
  12 rats
  5 plants
  A tentacle (Shoals:4)
1535 creatures vanquished.

Vanquished Creatures (collateral kills)
  An emperor scorpion (Spider:4)
  2 merfolk impalers (Shoals:4)
  A spiny frog (Lair:6)
  A demonic crawler (Spider:2)
  6 merfolk (Shoals:4)
  A hornet (Spider:4)
  2 dream sheep (Lair:6)
  A tarantella (Spider:2)
  11 orc warriors (Orc:2)
  A bullfrog (Lair:6)
  3 orc priests (Orc:2)
  3 orcs (Orc:2)
33 creatures vanquished.

Vanquished Creatures (others)
  A fire giant (Depths:2)
  A deep troll earth mage (Depths:4)
  A merfolk aquamancer (Shoals:3)
  A deep elf knight (Elf:1)
  A deep elf mage (Elf:2)
  A redback (Spider:3)
  An ogre (D:11)
  2 centaurs (D:11)
  A scorpion (D:11)
  A wight (D:11)
  An electric eel (D:11)
  2 orc wizards
  2 worker ants (D:11)
  An adder (D:11)
  A leopard gecko (D:11)
  A jackal (D:11)
  A fungus (Lair:6)
  18 plants
  10 tentacles (Shoals:4)
48 creatures vanquished.

Grand Total: 1616 creatures vanquished

Notes
Turn   | Place    | Note
-------+----------+-------------------------------------------
     0 | D:1      | Notrik the Minotaur Berserker began the quest for the Orb.
     0 | D:1      | Reached XP level 1. HP: 19/19 MP: 0/0
   106 | D:1      | Reached skill level 4 in Fighting
   209 | D:1      | Reached XP level 2. HP: 24/28 MP: 1/1
   526 | D:1      | Reached skill level 5 in Fighting
   859 | D:2      | Reached XP level 3. HP: 35/36 MP: 2/2
   932 | D:2      | Reached ** piety under Trog
  1063 | D:2      | Found Gozag's Platinum Reserve.
  1126 | D:2      | Found an opulent altar of Gozag.
  1248 | D:2      | Found a runed translucent door.
  1249 | D:2      | Noticed Crazy Yiuf
  1298 | D:2      | Found an opulent altar of Gozag.
  1427 | D:2      | Killed Crazy Yiuf
  1427 | D:2      | Reached skill level 6 in Fighting
  1427 | D:2      | Reached skill level 1 in Shields
  1427 | D:2      | Reached XP level 4. HP: 37/44 MP: 3/3
  1890 | D:3      | Reached XP level 5. HP: 47/51 MP: 4/4
  2058 | D:3      | Reached *** piety under Trog
  2165 | D:3      | Reached skill level 7 in Fighting
  2989 | D:4      | Noticed Edmund
  2997 | D:4      | Killed Edmund
  2997 | D:4      | Reached XP level 6. HP: 61/61 MP: 5/5
  3097 | D:4      | Found an ancient bone altar of Kikubaaqudgha.
  3122 | D:4      | Reached skill level 8 in Fighting
  3177 | D:4      | Noticed Grinder
  3190 | D:4      | Killed Grinder
  3190 | D:4      | Reached XP level 7. HP: 53/69 MP: 6/6
  3194 | D:4      | Found Tierghoud's Assorted Antiques.
  3202 | D:4      | Reached skill level 9 in Fighting
  3209 | D:4      | Bought a granite ring for 100 gold pieces
  3224 | D:4      | Found Ogeabefif's Antique Armour Shop.
  3282 | D:4      | Noticed Ijyb
  3296 | D:4      | Killed Ijyb
  3437 | D:4      | Found Uraymul's Magic Scroll Boutique.
  3443 | D:4      | Bought a scroll of identify for 26 gold pieces
  3443 | D:4      | Bought a scroll of identify for 26 gold pieces
  3443 | D:4      | Bought a scroll of identify for 26 gold pieces
  3443 | D:4      | Bought a scroll of remove curse for 39 gold pieces
  3461 | D:4      | Reached skill level 5 in Shields
  3475 | D:4      | Reached skill level 1 in Evocations
  3479 | D:4      | Reached **** piety under Trog
  3536 | D:4      | Found an iron altar of Okawaru.
  3542 | D:4      | Got a smoking hand axe
  3543 | D:4      | Identified the +8 hand axe of Dethubru {drain, *Corrode
                  | Str+4 Dex+4} (You found it on level 4 of the Dungeon)
  3653 | D:5      | Entered Level 5 of the Dungeon
  3658 | D:5      | Reached XP level 8. HP: 79/79 MP: 6/8
  3762 | D:5      | Found a stormy altar of Qazlal.
  3762 | D:5      | Found a blossoming altar of Fedhas.
  3792 | D:5      | Reached skill level 10 in Fighting
  3948 | D:5      | Found the +8 orange crystal plate armour {Archmagi, Int+3
                  | Clar}
  4380 | D:6      | Reached skill level 5 in Axes
  4652 | D:6      | Reached skill level 11 in Fighting
  4846 | D:6      | Reached XP level 9. HP: 89/89 MP: 10/10
  5048 | D:7      | Found a shattered altar of Ashenzari.
  5131 | D:7      | Found a shimmering altar of Xom.
  5132 | D:7      | Found a burning altar of Makhleb.
  5241 | D:7      | Reached ***** piety under Trog
  5635 | D:7      | Found a staircase to the Ecumenical Temple.
  5917 | D:8      | Reached skill level 12 in Fighting
  6268 | D:8      | Paralysed by a hornet for 2 turns
  6569 | D:9      | Reached XP level 10. HP: 99/99 MP: 12/12
  6582 | D:9      | Reached skill level 5 in Evocations
  6583 | D:9      | Received a gift from Trog
  6611 | D:9      | Found Noeph's Jewellery Emporium.
  6648 | D:9      | Found Osuegride's Book Boutique.
  6707 | D:9      | Reached skill level 13 in Fighting
  6788 | D:9      | Found Muin's Distillery.
  6800 | D:9      | Bought 2 potions of heal wounds for 110 gold pieces
  6800 | D:9      | Bought a potion of might for 44 gold pieces
  6800 | D:9      | Bought a potion of ambrosia for 88 gold pieces
  6874 | D:9      | Noticed Erolcha
  6889 | D:9      | Killed Erolcha
  6926 | D:9      | Found Ceezossysa's Antique Weapon Boutique.
  6930 | D:9      | Reached skill level 14 in Fighting
  7033 | D:9      | Found Tivudess's Food Shop.
  7222 | D:10     | Entered Level 10 of the Dungeon
  7318 | D:10     | Reached XP level 11. HP: 100/110 MP: 13/13
  7319 | D:10     | Noticed a death yak
  7324 | D:10     | Noticed a death yak
  7324 | D:10     | Noticed a death yak
  7336 | D:10     | Killed a death yak
  7338 | D:10     | Reached skill level 10 in Shields
  7338 | D:10     | Killed a death yak
  7338 | D:10     | Killed a death yak
  7679 | D:10     | Noticed Maurice
  7702 | D:10     | Killed Maurice
  7961 | D:10     | Found a runed translucent door.
  7965 | D:10     | Found a basalt altar of Yredelemnul.
  8053 | D:10     | Reached skill level 15 in Fighting
  8139 | D:10     | Found a staircase to the Lair.
  8277 | Lair:1   | Entered Level 1 of the Lair of Beasts
  8407 | Lair:1   | Reached skill level 10 in Axes
  8578 | Lair:1   | Noticed Fannar
  8595 | Lair:1   | Killed Fannar
  9631 | Lair:3   | Noticed a five-headed hydra
  9638 | Lair:3   | Killed a six-headed hydra
  9638 | Lair:3   | Received a gift from Trog
  9638 | Lair:3   | Reached XP level 12. HP: 115/122 MP: 14/14
  9639 | Lair:3   | Got a faintly glowing war axe {god gift}
  9664 | Lair:3   | Identified the +8 war axe of Silaf {flame, rPois Str+2
                  | Dex+4} (Trog gifted it to you on level 3 of the Lair of
                  | Beasts)
  9778 | D:9      | Bought the ring "Vaxe" {Str+8 Slay+1} for 417 gold pieces
  9990 | Lair:3   | Found a staircase to the Shoals.
 10023 | Lair:3   | Noticed a five-headed hydra
 10029 | Lair:3   | Killed a two-headed hydra
 10065 | Lair:3   | You fall into a shaft and drop 1 floor!
 10164 | Lair:4   | Reached skill level 5 in Armour
 10177 | Lair:4   | Reached skill level 16 in Fighting
 10229 | Lair:4   | Found a hole to the Spider Nest.
 11242 | Lair:5   | You fall into a shaft and drop 1 floor!
 11242 | Lair:6   | Entered Level 6 of the Lair of Beasts
 11382 | Lair:6   | Reached XP level 13. HP: 117/130 MP: 15/15
 11441 | Lair:6   | Received a gift from Trog
 11806 | Lair:6   | Found a runed translucent door.
 11807 | Lair:6   | Found a viscous altar of Jiyva.
 11809 | Lair:6   | Found a staircase to the Slime Pits.
 11809 | Lair:6   | Noticed an acid blob
 12112 | Lair:6   | Reached skill level 17 in Fighting
 12488 | Lair:6   | Killed an acid blob
 13309 | D:11     | Found Rugo's Jewellery Boutique.
 13362 | D:11     | Found Xush's Armour Boutique.
 13367 | D:11     | Found a runed translucent gate.
 13369 | D:11     | Found a runed translucent gate.
 13369 | D:11     | Found a runed translucent gate.
 13369 | D:11     | Noticed a green very ugly thing
 13439 | D:11     | Found a shimmering altar of Xom.
 13470 | D:11     | Received a gift from Trog
 13519 | D:11     | Found Joewol's Distillery.
 13561 | D:11     | Bought 2 potions of haste for 300 gold pieces
 13561 | D:11     | Bought a potion of degeneration for 15 gold pieces
 13761 | D:11     | Found Sown's Gadget Emporium.
 13860 | D:11     | Found a staircase to the Orcish Mines.
 13899 | D:11     | Reached ****** piety under Trog
 14084 | Orc:1    | Entered Level 1 of the Orcish Mines
 14229 | Orc:2    | Entered Level 2 of the Orcish Mines
 14229 | Orc:2    | Noticed an ettin
 14237 | Orc:2    | Killed an ettin
 14278 | Orc:2    | Received a gift from Trog
 14535 | Orc:2    | Reached skill level 10 in Armour
 14535 | Orc:2    | Reached XP level 14. HP: 140/140 MP: 16/16
 14571 | Orc:2    | Found Haboz's Antique Armour Shop.
 14571 | Orc:2    | Found Retirr's Food Shop.
 14572 | Orc:2    | Found Ische's Antique Armour Boutique.
 14572 | Orc:2    | Found Xolekys's Jewellery Shop.
 14664 | Orc:2    | Received a gift from Trog
 14676 | Orc:2    | Found a dark tunnel.
 14686 | Volcano  | Entered a volcano
 15051 | Volcano  | Got a steaming leather armour
 15176 | Orc:2    | Identified the +3 leather armour "Vaxemeh" {Regen+ Str+2
                  | Dex+2} (You found it in a volcano)
 15261 | Orc:2    | Found a staircase to the Elven Halls.
 15284 | Orc:2    | Found a roughly hewn altar of Beogh.
 15315 | Orc:2    | Reached skill level 18 in Fighting
 15702 | Orc:2    | Bought a pair of runed gloves for 195 gold pieces
 15965 | Orc:1    | Noticed an orc warlord
 15982 | Orc:1    | Killed an orc warlord
 15983 | Orc:1    | Found a roughly hewn altar of Beogh.
 16406 | D:12     | Received a gift from Trog
 16409 | D:12     | Got a faintly glowing hand axe {god gift}
 17051 | D:13     | Reached skill level 15 in Shields
 17220 | D:13     | Received a gift from Trog
 17357 | D:13     | Reached XP level 15. HP: 149/150 MP: 17/17
 17806 | D:14     | Found Hoxughubb's Food Emporium.
 17850 | D:14     | Reached skill level 15 in Axes
 17924 | D:14     | Found a gate to the Vaults.
 18418 | D:15     | Entered Level 15 of the Dungeon
 18498 | D:15     | Noticed Rupert
 18514 | D:15     | Killed Rupert
 18568 | D:15     | Found a snail-covered altar of Cheibriados.
 18568 | D:15     | Noticed Nessos
 18592 | D:15     | Killed Nessos
 18833 | D:15     | Found Decko's Antique Weapon Shop.
 18839 | D:15     | Noticed Azrael
 18844 | D:15     | Reached skill level 19 in Fighting
 18854 | D:15     | Killed Azrael
 19130 | D:15     | Found a staircase to the Depths.
 19144 | D:15     | Received a gift from Trog
 19292 | Depths:1 | Entered Level 1 of the Depths
 19404 | Depths:1 | Noticed Nikola
 19699 | Depths:1 | Noticed a sphinx
 19708 | Depths:1 | Noticed a storm dragon
 19711 | Depths:1 | Killed a sphinx
 19724 | Depths:1 | Killed a storm dragon
 19772 | Depths:1 | Found a gateway to Hell.
 19801 | Depths:1 | Killed Nikola
 19801 | Depths:1 | Reached XP level 16. HP: 153/160 MP: 18/18
 19861 | Depths:1 | Noticed a tengu reaver
 19870 | Depths:1 | Killed a tengu reaver
 20002 | Depths:1 | Paralysed by a great orb of eyes for 2 turns
 20038 | Depths:1 | Received a gift from Trog
 20092 | Depths:1 | Got a faintly glowing war axe {god gift}
 20094 | Depths:1 | Identified the +9 hand axe of Exquisite Death {flame, rPois
                  | rC- MR+} (Trog gifted it to you on level 12 of the Dungeon)
 20095 | Depths:1 | Identified the +8 war axe of the Dozen Beds {drain, *Slow
                  | rF+ rC+ MR- SInv} (Trog gifted it to you on level 1 of the
                  | Depths)
 20346 | Depths:1 | Noticed Aizul
 20360 | Depths:1 | Killed Aizul
 20432 | Depths:1 | Reached skill level 20 in Fighting
 20825 | Depths:1 | Noticed a sphinx
 20836 | Depths:1 | Killed a sphinx
 20854 | Depths:1 | Noticed a sphinx
 20866 | Depths:1 | Killed a sphinx
 20866 | Depths:1 | Received a gift from Trog
 20871 | Depths:1 | Reached XP level 17. HP: 98/170 MP: 19/19
 20896 | Depths:1 | Reached skill level 15 in Armour
 21288 | Depths:1 | Paralysed by something for 7 turns
 21848 | Depths:2 | Noticed a caustic shrike
 21932 | Depths:2 | Killed a caustic shrike
 22212 | Depths:2 | Identified Sif Muna's Handbook of Helpful Necromancy
 22616 | Depths:3 | Noticed a lich
 22618 | Depths:3 | Noticed a titan
 22631 | Depths:3 | Killed a lich
 22631 | Depths:3 | Reached skill level 21 in Fighting
 22633 | Depths:3 | Killed a titan
 22931 | Depths:3 | Reached XP level 18. HP: 140/182 MP: 20/20
 23025 | Depths:3 | Noticed a golden dragon
 23315 | Depths:3 | Paralysed by a sphinx for 3 turns
 23420 | Depths:3 | Killed a golden dragon
 23499 | Depths:3 | Received a gift from Trog
 23586 | Depths:3 | Identified a scroll of acquirement
 23725 | Depths:3 | Found a one-way gate leading to the halls of Pandemonium.
 23935 | Depths:4 | Noticed Mara
 23937 | Depths:4 | Noticed Notrik's illusion
 23971 | Depths:4 | Noticed a tentacled monstrosity
 23976 | Depths:4 | Noticed a tentacled monstrosity
 24182 | Depths:4 | Noticed a lich
 24186 | Depths:4 | Received a gift from Trog
 24195 | Depths:3 | Killed a tentacled monstrosity
 24198 | Depths:3 | Killed a tentacled monstrosity
 24202 | Depths:3 | Killed a lich
 24210 | Depths:3 | Noticed Notrik's illusion
 24221 | Depths:3 | Killed Mara
 24623 | Depths:4 | Identified the +6 war axe "Hydraslayer" {freeze, +Inv rElec
                  | rN+ Int+3}
 24634 | Depths:4 | Reached XP level 19. HP: 122/191 MP: 2/21
 24915 | Depths:3 | Received a gift from Trog
 25184 | Depths:4 | Reached skill level 22 in Fighting
 25197 | Depths:4 | Got a jewelled hand axe {god gift}
 25409 | Depths:4 | Identified the +2 hand axe of Cocink {venom, +Blink rPois
                  | Int+6 Dex-5} (Trog gifted it to you on level 4 of the
                  | Depths)
 25794 | Spider:1 | Entered Level 1 of the Spider Nest
 26012 | Spider:1 | Received a gift from Trog
 26138 | Spider:1 | Noticed Donald
 26146 | Spider:1 | Killed Donald
 26515 | Spider:2 | Noticed Amplified's ghost (journeyman VSWn)
 26859 | Spider:2 | Received a gift from Trog
 26860 | Spider:2 | Got a faintly glowing executioner's axe {god gift}
 27056 | Spider:2 | Found a transporter.
 27056 | Spider:2 | Found a transporter.
 27350 | Spider:2 | Killed Amplified's ghost
 28051 | Spider:4 | Entered Level 4 of the Spider Nest
 28291 | Spider:4 | Received a gift from Trog
 28708 | Spider:4 | Reached XP level 20. HP: 177/202 MP: 22/22
 28934 | Spider:4 | Got a pitted steel ring
 29309 | Spider:4 | Got a gossamer rune of Zot
 29490 | Shoals:1 | Entered Level 1 of the Shoals
 29728 | Shoals:1 | Received a gift from Trog
 30027 | Shoals:1 | You fall into a shaft and drop 1 floor!
 30185 | Shoals:2 | Found Qextuy's Assorted Antiques.
 30193 | Shoals:2 | Bought a scroll of identify for 78 gold pieces
 30263 | Shoals:2 | Found Zuaqea's Book Shop.
 30400 | Shoals:2 | Found Tyfaurphi's General Store.
 30404 | Shoals:2 | Received a gift from Trog
 30420 | Shoals:2 | Bought a scroll of identify for 30 gold pieces
 30625 | Shoals:3 | Identified the +1 scythe of Famine {antimagic, Dex+7}
 30948 | Shoals:3 | Found Ujeqom's General Store.
 31266 | Shoals:3 | Reached skill level 23 in Fighting
 31571 | Shoals:4 | Entered Level 4 of the Shoals
 31890 | Shoals:4 | Received a gift from Trog
 31904 | Shoals:4 | Found the +15 Maxwell's patent armour {-Cast -Tele rElec
                  | MR+ rCorr}
 32087 | Shoals:4 | Got a pair of bloodstained gloves
 32105 | Shoals:4 | Identified the +2 pair of gloves of Pragmatism {Str+10}
                  | (You found it on level 4 of the Shoals)
 32760 | Shoals:4 | Got a barnacled rune of Zot
 33560 | Elf:1    | Entered Level 1 of the Elven Halls
 33560 | Elf:1    | Found Qeujo's Armour Boutique.
 33666 | Elf:1    | Received a gift from Trog
 33724 | Elf:1    | Found a shimmering blue altar of Sif Muna.
 33835 | Elf:1    | Got a bloodstained great sword
 34012 | Elf:1    | Reached XP level 21. HP: 202/211 MP: 23/23
 34194 | Elf:2    | Found Jeppu's General Store.
 34421 | Elf:2    | Found a runed translucent gate.
 34427 | Elf:2    | Found a runed translucent gate.
 34427 | Elf:2    | Found a runed translucent gate.
 34530 | Elf:2    | Received a gift from Trog
 34642 | Elf:2    | Identified the ring of the Centipede {+Fly rC++ Str+4 Dex-3
                  | Stlth+} (You found it on level 4 of the Spider Nest)
 34906 | Elf:3    | Entered Level 3 of the Elven Halls
 35024 | Elf:3    | Found Tuomit's Weapon Emporium.
 35403 | Elf:3    | HP: 4/213 [deep elf high priest/divine providence (11)]
 35404 | Elf:3    | Killed from afar by a deep elf annihilator

Levels and vault maps discovered:
D:1:      lightli_arrival_statue_moat, layout_basic,
          chequers_serial_rivers_large_a, serial_bayou_pond_d, st_stairs_8,
          minmay_door_square
D:2:      layout_rooms, lemuel_coloured_pillars_altar,
          nicolae_gozag_zags_fifth_avenue, uniq_crazy_yiuf_cottage
D:3:      layout_basic, kennysheep_generic_room_13
D:4:      layout_rooms, kennysheep_vampire_church, serial_shops, shop,
          kennysheep_mini_moat, shop, serial_bayou_pond_b,
          okawaru_ov_weapons_minmay, uniq_ijyb, uniq_grinder, uniq_edmund
D:5:      layout_rooms, grunt_temple_overflow_forces_of_nature, first_ration
D:6:      layout_basic
D:7:      layout_loops_cross, lemuel_doored_altar,
          grunt_temple_overflow_champion_of_chaos,
          minmay_temple_entry_nine_rooms, the_bakery
D:8:      layout_basic
D:9:      layout_roguey, serial_shops,
          nicolae_shop_temple_entry_statues_fountains, shop_fountains,
          nicolae_shop_stone, shop, shop_fountains, uniq_erolcha
D:10:     layout_big_octagon, dpeg_lair_monsters, serial_column_ruins,
          column_ruins_open_tiny_water, column_ruins_open_small_water,
          column_ruins_open_medium, column_ruins_grid_1, dk_yredelemnul_ordeal,
          uniq_maurice
D:11:     layout_loops_ring, orc_david_3,
          ploomutoo_gammafunk_ghost_potion_laboratory, serial_shops, shop, shop,
          shop, nicolae_shop_waterfront, st_stairs_12,
          chequers_serial_rivers_small_b, serial_bayou_pond_b, kennysheep_donut,
          xom_confusion_cloud
D:12:     layout_loops_ring, nicolae_wwwww, kennysheep_another_room,
          grunt_ministairs_13
D:13:     layout_cave_pools
D:14:     layout_small_grid, erik_vaults_2, serial_shops, shop,
          skrybe_limestone_x, small_statue_alley_a
D:15:     hangedman_depths_entry_try_elsewhere_first, layout_cave_pods,
          ebering_dispersal_statue_hall, serial_shops,
          nicolae_shop_behind_doors, grunt_ministairs_5, cheibriados_altar_1,
          uniq_azrael, uniq_rupert, uniq_nessos
Lair:1:   layout_misc_corridors, serial_bayou_shore_b, uniq_fannar
Lair:2:   layout_cave_pods, lemuel_fruit_tree
Lair:3:   layout_regular_city, shoals_dummy_entry, lemuel_old_faithful,
          grunt_megastairs_4, serial_bayou_shore_a, serial_bayou_shore_b
Lair:4:   layout_small_grid, spider_nest_entry_funnel_web, beast_lair_carwin_3
Lair:5:   cheibrodos_magma_flow, layout_regular_city
Lair:6:   minmay_lair_end_frog_pond, layout_big_grid, slime_altar_2,
          serial_bayou_lake_a
Shoals:1: layout_shoals
Shoals:2: layout_shoals, serial_shops, nicolae_shop_crystal, shop,
          nicolae_shop_behind_doors
Shoals:3: layout_shoals, serial_shops,
          nicolae_shop_temple_entry_statues_fountains,
          hangedman_shoals_cup_caves
Shoals:4: shoals_end_grunt_ice, layout_shoals, nicolae_shoals_undead_eyrie
Spider:1: layout_spider_delve, uniq_donald
Spider:2: layout_spider_delve, gammafunk_ghost_arena
Spider:3: layout_spider_delve, nicolae_orb_island, nicolae_spider_cling_halls
Spider:4: spider_rune_water
Orc:1:    nicolae_orc_accident_2, layout_diamond_mine
Orc:2:    st_orc_pillars, layout_caves, nicolae_volcano_entry_s_turn,
          basic_altar
Elf:1:    layout_rooms, serial_shops, shop_coins, basic_altar,
          minmay_elf_necromancy, serial_sigils_hangedman_gut, sword_in_stone
Elf:2:    layout_geoelf_diagonals, serial_shops, shop
Elf:3:    grunt_elf_hall_diamonds, layout_geoelf_castle, serial_shops,
          nicolae_shop_statue_plus
Depths:1: layout_gridlike, special_room [special_room_mythical_zoo],
          serial_bayou_ford_a, hangedman_coc_ice_floe, nicolae_two_hexagons,
          minislime_mu, uniq_aizul, uniq_nikola
Depths:2: kennysheep_windowed_halls, layout_cave_pools, bh_chokoban, hell_entry
Depths:3: minmay_stepped, layout_cave_shapes, rand_demon_pan_entry_4,
          serial_sigils_hangedman_leer, hangedman_geh_valley
Depths:4: hangedman_pleasuredromes, hell_entry, abyss_entry, pan_entry,
          uniq_mara

Skill      XL: |  1  2  3  4  5  6  7  8  9 10 11 12 13 14 15 16 17 18 19 20 21 |
---------------+----------------------------------------------------------------+-----
Fighting       | 4 5 6 7 8 9 11 12 14 15 16 17 18 19 20 21 22 23 | 23.7
Shields        | 1 2 3 4 5 6 8 9 11 12 13 15 16 17 18 19 20 21 | 21.7
Evocations     | 1 3 4 5 |  5.0
Axes           | 5 7 8 10 12 13 14 16 17 18 19 20 21 | 21.6
Armour         | 3 7 10 11 13 14 16 17 18 19 20 | 20.0
Dodging        | |  2.5

Action                   |  1- 3 |  4- 6 |  7- 9 | 10-12 | 13-15 | 16-18 | 19-21 || total
-------------------------+-------+-------+-------+-------+-------+-------+-------++-------
Melee: Hand axe          |   103 |   156 |   262 |   277 |       |       |       ||   798
       Headbutt          |    18 |    21 |    53 |   120 |   247 |   263 |   361 ||  1083
       Rapier            |       |       |    11 |       |       |       |       ||    11
       War axe           |       |       |       |   149 |   837 |   692 |  1340 ||  3018
Invok: Berserk           |     1 |     2 |       |     2 |     5 |     5 |       ||    15
       Trog's Hand       |       |       |       |     2 |     4 |     7 |     6 ||    19
       Brothers in Arms  |       |       |       |     1 |     3 |       |     3 ||     7
Evoke: Wand              |       |       |       |     4 |     7 |       |       ||    11
  Use: Scroll            |       |     2 |     8 |    12 |     5 |     8 |    21 ||    56
       Potion            |       |       |       |       |     3 |     1 |     3 ||     7
 Stab: Sleeping          |     1 |       |       |       |       |       |       ||     1
       Distracted        |       |       |       |       |     1 |     2 |       ||     3
  Eat: Chunk             |     2 |     8 |    11 |    15 |    19 |     9 |    23 ||    87
       Ration            |       |       |       |     1 |     5 |     5 |     5 ||    16
Armor: Animal skin       |     7 |       |       |       |       |       |       ||     7
       Ring mail         |    20 |    37 |       |       |       |       |       ||    57
       Scale mail        |       |    16 |    25 |       |       |       |       ||    41
       Crystal plate arm |       |       |    67 |   167 |   227 |   397 |   623 ||  1481
Dodge: Dodged            |    44 |    37 |    19 |    34 |   124 |   163 |   296 ||   717
Block: Large shield      |    11 |   114 |   204 |   371 |   851 |   785 |  1594 ||  3930
